cohdb
Replays
Latest Replays
All Replays
Popular Replays
Top Player Replays
Match Explorer
How It Works
Community
CoH3 Stats
Reddit
Sign in to upload your games and track your stats! →
Sign in with Steam
Match 33849554
Unlisted
Match 33849554
Overview
Messages
Build Orders
End
Construct Barracks
Selects Special Operations Battlegroup
Selects M29 Weasel Recon Vehicle
M29 Weasel Recon Vehicle
Riflemen Squad
Riflemen Squad
Riflemen Squad
Riflemen Squad
Grenade Package
Infantry Support Center
Construct Motor Pool
M8 Greyhound Armored Car
Engineer Squad
Construct Medical Station
Selects P-47 Anti-Infantry Loiter
Selects UNKNOWN (2162291)
Selects Raiding Flares
Selects SSF Commando Squad
M1 Anti-tank Gun Team
Construct Tank Depot
Raiding Flares
Selects Air Re-supply Operation
Riflemen Squad
M4A1 Sherman Medium Tank
Riflemen Squad
Engineer Squad
M4A1 Sherman Medium Tank
Riflemen Squad
Engineer Squad
M4A1 Sherman Medium Tank
Lyzrinn
Bruistablet
Professor gibberish
Wisski
[82AD] PaulVmax
Computer - Hard
A Succulent Stoat
Jimm-e
0
0
Comments
sign in to comment!
No comments posted yet!